[Event "GER-chW Blitz 2019"]
[Site "Magdeburg"]
[Date "2019.05.25"]
[Round "8.5"]
[White "Kreismann, Franziska"]
[Black "Kushka, Alena"]
[Result "0-1"]
[ECO "A46"]
[WhiteElo "1589"]
[BlackElo "2148"]
[Annotator "NA"]
[PlyCount "48"]
[EventDate "2019.05.25"]
[EventType "tourn"]
[EventCountry "GER"]
[SourceTitle "playchess.com"]
[Source "ChessBase"]
[SourceQuality "1"]
[TimeControl "180+2"]

1. d4 Nf6 2. Nf3 c5 3. e3 b6 4. c4 Bb7 5. d5 g6 6. Nc3 Bg7 7. Bd3 O-O 8. O-O d6 9. Qc2 e6 10. e4 exd5 11. exd5 Re8 12. Bf4 Na6 13. a3 Nc7 14. Rfe1 Rxe1+ 15. Rxe1 b5 16. Nxb5 Nxb5 17. cxb5 Nxd5 18. Bd2 Qd7 19. Be4 Re8 20. Bxd5 Bxd5 21. Rxe8+ Qxe8 22. Qd3 Bxf3 23. Qxf3 Bxb2 24. Bh6 Qe1# 0-1

[Event "GER-chW Blitz 2019"]
[Site "Magdeburg"]
[Date "2019.05.25"]
[Round "8.6"]
[White "Daemering, Katrin"]
[Black "Ries, Jutta"]
[Result "1/2-1/2"]
[ECO "A06"]
[WhiteElo "2003"]
[BlackElo "2017"]
[Annotator "NA"]
[PlyCount "123"]
[EventDate "2019.05.25"]
[EventType "tourn"]
[EventCountry "GER"]
[SourceTitle "playchess.com"]
[Source "ChessBase"]
[SourceQuality "1"]
[TimeControl "180+2"]

1. Nf3 d5 2. g3 Nf6 3. Bg2 g6 4. d3 Bg7 5. Nbd2 O-O 6. O-O Nbd7 7. c4 e6 8. Rb1 c6 9. b3 Qc7 10. Bb2 Re8 11. Rc1 e5 12. cxd5 Nxd5 13. Nc4 N5b6 14. Ne3 Nf8 15. Qc2 Be6 16. Ng5 Rad8 17. Ne4 Bd5 18. Nxd5 Nxd5 19. Nc5 Nb4 20. Qb1 Ne6 21. Ne4 f5 22. Nd2 Nd4 23. Rfe1 Qd6 24. Nc4 Qc7 25. Bc3 Nd5 26. Bd2 Nb6 27. Nxb6 Qxb6 28. Be3 Qa5 29. Bf1 Rd7 30. Rc4 Nb5 31. Rc5 Qc7 32. Rec1 Nd4 33. Qb2 Qd6 34. Bg2 Ne6 35. R5c4 e4 36. Qb1 exd3 37. exd3 Qxd3 38. Qxd3 Rxd3 39. Bf1 Rd7 40. a4 b5 41. Rxc6 bxa4 42. bxa4 Nd8 43. Rc7 Rxc7 44. Rxc7 Ne6 45. Rxa7 f4 46. gxf4 Bh6 47. Bc4 Kh8 48. Bxe6 Rxe6 49. Ra8+ Kg7 50. Bd4+ Kf7 51. Be5 Bf8 52. a5 Bc5 53. a6 g5 54. Kg2 gxf4 55. Bxf4 Rf6 56. Bg3 Kg6 57. Rc8 Ba7 58. Rc7 Rxa6 59. h4 Ra2 60. Rc6+ Kf7 61. Rc7+ Kg6 62. Rc6+ 1/2-1/2

[Event "GER-chW Blitz 2019"]
[Site "Magdeburg"]
[Date "2019.05.25"]
[Round "8.7"]
[White "Sieber, Fiona"]
[Black "Lubbe, Melanie"]
[Result "1-0"]
[ECO "B63"]
[WhiteElo "2250"]
[BlackElo "2278"]
[Annotator "NA"]
[PlyCount "99"]
[EventDate "2019.05.25"]
[EventType "tourn"]
[EventCountry "GER"]
[SourceTitle "playchess.com"]
[Source "ChessBase"]
[SourceQuality "1"]
[TimeControl "180+2"]

1. e4 c5 2. Nf3 d6 3. d4 cxd4 4. Nxd4 Nf6 5. Nc3 Nc6 6. Bg5 e6 7. Qd2 Qb6 8. Bxf6 gxf6 9. Nb3 a6 10. O-O-O Bd7 11. f4 h5 12. Be2 Be7 13. Rhf1 O-O-O 14. Rf3 Rdg8 15. Bf1 Kb8 16. a3 h4 17. Na4 Qc7 18. Qf2 Na7 19. Nb6 Bc6 20. Re1 f5 21. Nd2 Bf6 22. Rb3 fxe4 23. Nxe4 Be7 24. Bxa6 d5 25. Nc5 Rxg2 26. Qxg2 Bxc5 27. Qg7 Rd8 28. Qe5 Bd6 29. Qd4 Bxf4+ 30. Kb1 Bxh2 31. Bf1 Bg3 32. Rd1 e5 33. Qg4 e4 34. a4 d4 35. a5 Bd5 36. Ra3 Nc6 37. Bc4 Bxc4 38. Nxc4 Nb4 39. Qe2 d3 40. cxd3 exd3 41. Qe4 Rc8 42. Rc3 f6 43. Nb6 Qxc3 44. bxc3 Rd8 45. cxb4 Be5 46. Rxd3 Re8 47. Qf3 Rh8 48. Nd7+ Kc7 49. Nxe5 fxe5 50. Rc3+ 1-0

[Event "GER-chW Blitz 2019"]
[Site "Magdeburg"]
[Date "2019.05.25"]
[Round "8.8"]
[White "Osmanodja, Filiz"]
[Black "Fuchs, Judith"]
[Result "1/2-1/2"]
[ECO "B13"]
[WhiteElo "2260"]
[BlackElo "2218"]
[Annotator "NA"]
[PlyCount "101"]
[EventDate "2019.05.25"]
[EventType "tourn"]
[EventCountry "GER"]
[SourceTitle "playchess.com"]
[Source "ChessBase"]
[SourceQuality "1"]
[TimeControl "180+2"]

1. e4 c6 2. d4 d5 3. exd5 cxd5 4. Bd3 Nc6 5. c3 Qc7 6. h3 Nf6 7. Ne2 e5 8. dxe5 Nxe5 9. Bb5+ Bd7 10. Bxd7+ Qxd7 11. Bf4 Ng6 12. Be3 Bd6 13. O-O O-O 14. Nd2 Rfe8 15. Nf3 Bc7 16. Ned4 Ne4 17. Re1 a6 18. Nd2 Qd6 19. N4f3 Rad8 20. Nxe4 dxe4 21. Qxd6 Rxd6 22. Nd4 Ne5 23. Bf4 Rb6 24. Rxe4 f6 25. Bxe5 fxe5 26. Nb3 Rd8 27. Kf1 Rf6 28. Ke2 Bb6 29. f3 Bc7 30. Rd1 Rxd1 31. Kxd1 Rd6+ 32. Ke2 Rg6 33. Rg4 Rb6 34. Re4 Kf7 35. Ke1 Kf6 36. Ke2 a5 37. Nd2 Rxb2 38. a4 Rb6 39. Rc4 Bd8 40. Ne4+ Kf7 41. Rc8 Ke7 42. Nc5 Rb2+ 43. Ke3 b6 44. Nb7 Rxg2 45. Rxd8 Rc2 46. Rc8 Kd7 47. Rc4 Rh2 48. h4 g6 49. Kd3 Rf2 50. Ke3 Rh2 51. Kd3 1/2-1/2

[Event "GER-chW Blitz 2019"]
[Site "Magdeburg"]
[Date "2019.05.25"]
[Round "8.9"]
[White "Michna, Marta"]
[Black "Kotyk, Valeriya"]
[Result "1-0"]
[ECO "A06"]
[WhiteElo "2355"]
[BlackElo "1739"]
[Annotator "NA"]
[PlyCount "85"]
[EventDate "2019.05.25"]
[EventType "tourn"]
[EventCountry "GER"]
[SourceTitle "playchess.com"]
[Source "ChessBase"]
[SourceQuality "1"]
[TimeControl "180+2"]

1. Nf3 d5 2. g3 g6 3. Bg2 Bg7 4. O-O c6 5. d3 e6 6. Nbd2 Ne7 7. e4 dxe4 8. dxe4 Nd7 9. a4 O-O 10. Nc4 b5 11. axb5 cxb5 12. Nd6 Qc7 13. Nxb5 Qb6 14. Na3 Rd8 15. Nc4 Qc5 16. Qe2 Bb7 17. Be3 Qc7 18. Bxa7 Rdc8 19. Nfd2 Nc6 20. Be3 Nce5 21. Nxe5 Qxe5 22. c3 Nf6 23. Bd4 Qc7 24. h3 Rcb8 25. Kh2 Bc6 26. Rxa8 Rxa8 27. Qc4 Qb7 28. Qb3 Qxb3 29. Nxb3 Bxe4 30. Bxf6 Bxg2 31. Kxg2 Bxf6 32. Nc5 Rc8 33. Ne4 Bg7 34. Rd1 Kf8 35. Rd7 Ke8 36. Rxf7 Kxf7 37. Nd6+ Kf6 38. Nxc8 Ke5 39. b3 Ke4 40. c4 Kd4 41. Nd6 Kc3 42. c5 Bf8 43. Nb7 1-0

[Event "GER-chW Blitz 2019"]
[Site "Magdeburg"]
[Date "2019.05.25"]
[Round "8.10"]
[White "Muetsch, Annmarie"]
[Black "Silz, Elisa"]
[Result "1-0"]
[ECO "B09"]
[WhiteElo "2266"]
[BlackElo "1977"]
[Annotator "NA"]
[PlyCount "89"]
[EventDate "2019.05.25"]
[EventType "tourn"]
[EventCountry "GER"]
[SourceTitle "playchess.com"]
[Source "ChessBase"]
[SourceQuality "1"]
[TimeControl "180+2"]

1. e4 g6 2. d4 Bg7 3. Nc3 d6 4. f4 Nf6 5. Nf3 O-O 6. Bd3 c5 7. dxc5 dxc5 8. O-O Nc6 9. e5 Nd5 10. Ne4 b6 11. c3 h6 12. Qe2 Bb7 13. Bd2 Rc8 14. Rad1 Qc7 15. Ng3 e6 16. Ne4 Nce7 17. Nd6 Rcd8 18. a3 Nf5 19. Nxb7 Qxb7 20. Be4 Qe7 21. Qf2 Rd7 22. g4 Nd6 23. exd6 Qxd6 24. Bc1 Qc7 25. Bxd5 exd5 26. Rfe1 Rfd8 27. Ne5 Re7 28. Nf3 Red7 29. f5 gxf5 30. gxf5 Kh8 31. Qh4 Qd6 32. Bf4 Qc6 33. Ne5 Bxe5 34. Bxe5+ Kh7 35. Bg3 d4 36. c4 b5 37. cxb5 Qxb5 38. Qe4 d3 39. f6+ Kh8 40. Qf4 Kh7 41. Qf5+ Kh8 42. Qh5 Kh7 43. Re7 Qc4 44. Qf5+ Kh8 45. Rxd7 1-0

[Event "GER-chW Blitz 2019"]
[Site "Magdeburg"]
[Date "2019.05.25"]
[Round "8.11"]
[White "Siegl, Melina"]
[Black "Rath, Alina"]
[Result "0-1"]
[ECO "B30"]
[WhiteElo "2029"]
[BlackElo "2042"]
[Annotator "NA"]
[PlyCount "46"]
[EventDate "2019.05.25"]
[EventType "tourn"]
[EventCountry "GER"]
[SourceTitle "playchess.com"]
[Source "ChessBase"]
[SourceQuality "1"]
[TimeControl "180+2"]

1. e4 c5 2. Nf3 Nc6 3. d3 g6 4. g3 Bg7 5. Bg2 e5 6. c3 Nge7 7. O-O O-O 8. Be3 d6 9. Qd2 f5 10. Bh6 f4 11. Bxg7 Kxg7 12. d4 h6 13. Na3 g5 14. h3 Ng6 15. Kh2 Qe7 16. Rfe1 h5 17. Ng1 cxd4 18. cxd4 Nxd4 19. Qd1 g4 20. h4 Nxh4 21. gxf4 Rxf4 22. Rf1 Nhf3+ 23. Bxf3 Qh4+ 0-1

[Event "GER-chW Blitz 2019"]
[Site "Magdeburg"]
[Date "2019.05.25"]
[Round "8.12"]
[White "Hofmann, Karina"]
[Black "Birkholz, Olga"]
[Result "0-1"]
[ECO "A02"]
[WhiteElo "1700"]
[BlackElo "2031"]
[Annotator "NA"]
[PlyCount "58"]
[EventDate "2019.05.25"]
[EventType "tourn"]
[EventCountry "GER"]
[SourceTitle "playchess.com"]
[Source "ChessBase"]
[SourceQuality "1"]
[TimeControl "180+2"]

1. f4 d6 2. Nf3 g6 3. e3 Bg7 4. Nc3 Nc6 5. Bb5 Bd7 6. b3 a6 7. Bxc6 Bxc6 8. Bb2 Nf6 9. Qe2 Qd7 10. h3 h5 11. O-O-O O-O-O 12. Nd4 e5 13. fxe5 dxe5 14. Nxc6 Qxc6 15. Rhg1 Kb8 16. Qf3 Qe6 17. Rdf1 Rhf8 18. Ne4 Nxe4 19. Qxe4 f5 20. Qa4 Qd6 21. d3 Bh6 22. Re1 Qc5 23. d4 exd4 24. Bxd4 Rxd4 25. c4 Rd3 26. Kc2 Rxe3 27. Rd1 Re2+ 28. Kb1 Qe5 29. Qd7 Qb2# 0-1

[Event "GER-chW Blitz 2019"]
[Site "Magdeburg"]
[Date "2019.05.25"]
[Round "9.1"]
[White "Birkholz, Olga"]
[Black "Roesler, Hannah Clara Hed"]
[Result "1-0"]
[ECO "B20"]
[WhiteElo "2031"]
[BlackElo "1619"]
[Annotator "NA"]
[PlyCount "56"]
[EventDate "2019.05.25"]
[EventType "tourn"]
[EventCountry "GER"]
[SourceTitle "playchess.com"]
[Source "ChessBase"]
[SourceQuality "1"]
[TimeControl "180+2"]

1. e4 c5 2. b3 g6 3. Bb2 Nf6 4. Nf3 Bg7 5. Bc4 O-O 6. Qe2 a6 7. a4 Nc6 8. e5 Ng4 9. h3 Nh6 10. g4 Kh8 11. Na3 d5 12. Bd3 f5 13. g5 Nf7 14. O-O-O Nfxe5 15. Nxe5 Nb4 16. Kb1 d4 17. Bc4 e6 18. h4 Qc7 19. Nf3 b5 20. axb5 axb5 21. Bxb5 Bb7 22. h5 e5 23. hxg6 e4 24. Rxh7+ Kg8 25. Bc4+ Nd5 26. Rdh1 Ra5 27. Nh4 Rfa8 28. Nxf5 Be5 1-0

[Event "GER-chW Blitz 2019"]
[Site "Magdeburg"]
[Date "2019.05.25"]
[Round "9.2"]
[White "Rath, Alina"]
[Black "Hofmann, Karina"]
[Result "1-0"]
[ECO "A10"]
[WhiteElo "2042"]
[BlackElo "1700"]
[Annotator "NA"]
[PlyCount "146"]
[EventDate "2019.05.25"]
[EventType "tourn"]
[EventCountry "GER"]
[SourceTitle "playchess.com"]
[Source "ChessBase"]
[SourceQuality "1"]
[TimeControl "180+2"]

1. c4 b6 2. Nc3 Bb7 3. e4 e6 4. g3 Bb4 5. Nge2 Ne7 6. Bg2 O-O 7. O-O d5 8. cxd5 exd5 9. d4 dxe4 10. Nxe4 Nd5 11. a3 Be7 12. b4 c6 13. Bb2 Nd7 14. Rc1 Rc8 15. Qd2 N7f6 16. Rcd1 Nxe4 17. Bxe4 Bg5 18. Qc2 g6 19. f4 Bf6 20. Bc1 Re8 21. Bf3 Ne3 22. Bxe3 Rxe3 23. Kf2 Rxa3 24. Kg2 Qe7 25. Qb2 Re3 26. Nc1 c5 27. bxc5 Bxf3+ 28. Rxf3 Qe4 29. Rdf1 Bxd4 30. Qa2 bxc5 31. Qxa7 Ra8 32. Qc7 Ra1 33. Qd8+ Kg7 34. f5 Rxf3 35. Rxf3 Rxc1 36. f6+ Bxf6 37. Qxf6+ Kh6 38. Qh4+ Qxh4 39. gxh4 c4 40. Rxf7 c3 41. Rc7 c2 42. Kh3 g5 43. Rc6+ Kg7 44. hxg5 Kf7 45. Kh4 Ke7 46. Kh5 Kf7 47. h4 Kg7 48. Rc7+ Kg8 49. Kh6 Rh1 50. Rc8+ Kf7 51. Rc7+ Ke6 52. Rxc2 Rxh4+ 53. Kg7 Kf5 54. Rg2 Kf4 55. Kf6 Rg4 56. Rf2+ Kg3 57. Rf1 Kh4 58. Rh1+ Kg3 59. Rxh7 Rf4+ 60. Ke5 Rg4 61. Kf5 Rc4 62. Rd7 Rc5+ 63. Kg6 Kg4 64. Rd4+ Kf3 65. Kf6 Rc6+ 66. Kg7 Ke3 67. Ra4 Kf3 68. g6 Rc7+ 69. Kh6 Rc6 70. Kh7 Rc7+ 71. g7 Rc8 72. g8=Q Rxg8 73. Kxg8 Ke3 1-0

[Event "GER-chW Blitz 2019"]
[Site "Magdeburg"]
[Date "2019.05.25"]
[Round "9.3"]
[White "Silz, Elisa"]
[Black "Siegl, Melina"]
[Result "0-1"]
[ECO "A81"]
[WhiteElo "1977"]
[BlackElo "2029"]
[Annotator "NA"]
[PlyCount "94"]
[EventDate "2019.05.25"]
[EventType "tourn"]
[EventCountry "GER"]
[SourceTitle "playchess.com"]
[Source "ChessBase"]
[SourceQuality "1"]
[TimeControl "180+2"]

1. d4 f5 2. g3 d6 3. Bg2 g6 4. Nh3 Bg7 5. c4 Nf6 6. O-O c6 7. Nc3 O-O 8. d5 e5 9. dxe6 Bxe6 10. Qb3 Qc8 11. Nf4 Bf7 12. Qb4 Rd8 13. Be3 Na6 14. Qa4 g5 15. Nd3 h6 16. Rac1 Ng4 17. Bd2 Ne5 18. Nxe5 dxe5 19. b4 Bxc4 20. Be3 Bf7 21. b5 Nb8 22. b6 a5 23. f4 exf4 24. gxf4 Qe6 25. Nd1 Rxd1 26. Rcxd1 Qxe3+ 27. Kh1 Qxb6 28. Rf3 g4 29. Rfd3 Na6 30. Qc2 Re8 31. Rd7 Be6 32. R7d6 Bf8 33. Rxe6 Rxe6 34. Qxf5 Re7 35. Qg6+ Rg7 36. Qe6+ Kh7 37. Be4+ Kh8 38. Qxh6+ Kg8 39. Qe6+ Kh8 40. Qe8 Qc5 41. f5 Qe7 42. Qh5+ Kg8 43. Rf1 Qxe4+ 44. Kg1 Bc5+ 45. Rf2 g3 46. hxg3 Rxg3+ 47. Kf1 Qb1# 0-1

[Event "GER-chW Blitz 2019"]
[Site "Magdeburg"]
[Date "2019.05.25"]
[Round "9.4"]
[White "Kotyk, Valeriya"]
[Black "Muetsch, Annmarie"]
[Result "1-0"]
[ECO "A45"]
[WhiteElo "1739"]
[BlackElo "2266"]
[Annotator "NA"]
[PlyCount "139"]
[EventDate "2019.05.25"]
[EventType "tourn"]
[EventCountry "GER"]
[SourceTitle "playchess.com"]
[Source "ChessBase"]
[SourceQuality "1"]
[TimeControl "180+2"]

1. d4 Nf6 2. Bg5 d5 3. Bxf6 exf6 4. e3 f5 5. g3 c6 6. Bg2 Bd6 7. Ne2 O-O 8. Nd2 Nd7 9. c4 Nf6 10. O-O Ne4 11. b3 Bb4 12. Nf3 Be6 13. a3 Be7 14. cxd5 Bxd5 15. Qd3 Bf6 16. Nf4 Re8 17. Nxd5 Qxd5 18. Rac1 Rad8 19. Qc4 Qd6 20. b4 g6 21. Rfd1 Bg7 22. Nd2 Nf6 23. Nb3 Nd5 24. Nc5 Qe7 25. Nd3 Nb6 26. Qc5 Qd7 27. Qc2 Nd5 28. Nc5 Qe7 29. Qb3 Bh6 30. b5 Qc7 31. bxc6 bxc6 32. Rb1 Rb8 33. Qd3 Qa5 34. Rxb8 Rxb8 35. Bxd5 cxd5 36. Nd7 Rd8 37. Ne5 Qa4 38. Rc1 Bf8 39. Rc7 Qxa3 40. Qxa3 Bxa3 41. Rxa7 Bf8 42. Rxf7 Bg7 43. Re7 Bf6 44. Re6 Kg7 45. Nf3 Kf7 46. Rb6 Ra8 47. Kg2 Ra5 48. h4 h6 49. Nd2 Ra2 50. Nb3 Rb2 51. Rb7+ Kg8 52. Nc5 Rxb7 53. Nxb7 Kf7 54. Kf3 Ke6 55. Nc5+ Kd6 56. Ke2 Be7 57. f3 Bf6 58. Kd3 Be7 59. Kc3 Kc6 60. Nd3 Bd6 61. f4 Kc7 62. Ne5 g5 63. hxg5 hxg5 64. fxg5 Be7 65. g6 Bf6 66. Kb4 Kd6 67. Nf7+ Ke6 68. Ne5 Be7+ 69. Kb5 Bg5 70. g7 1-0

[Event "GER-chW Blitz 2019"]
[Site "Magdeburg"]
[Date "2019.05.25"]
[Round "9.5"]
[White "Fuchs, Judith"]
[Black "Michna, Marta"]
[Result "0-1"]
[ECO "A45"]
[WhiteElo "2218"]
[BlackElo "2355"]
[Annotator "NA"]
[PlyCount "131"]
[EventDate "2019.05.25"]
[EventType "tourn"]
[EventCountry "GER"]
[SourceTitle "playchess.com"]
[Source "ChessBase"]
[SourceQuality "1"]
[TimeControl "180+2"]

1. d4 Nf6 2. Bf4 d6 3. Nc3 Nbd7 4. Nf3 Nh5 5. Bg5 h6 6. Bh4 g5 7. Bg3 Bg7 8. e3 c6 9. Be2 Ndf6 10. Qd3 a5 11. e4 Nxg3 12. hxg3 a4 13. a3 Qa5 14. O-O-O Ng4 15. Rhf1 b5 16. e5 b4 17. axb4 Qxb4 18. Na2 Qb6 19. exd6 Be6 20. d5 Bxb2+ 21. Kd2 Qa5+ 22. c3 Qxd5 23. Nb4 Qxd3+ 24. Bxd3 exd6 25. Nd4 c5 26. Nxe6 fxe6 27. Na2 O-O 28. Kc2 a3 29. Rd2 d5 30. Re2 c4 31. Bg6 Rf6 32. Bh5 d4 33. cxd4 Ne3+ 34. Rxe3 Bxd4 35. Re4 e5 36. f3 Rb8 37. Re2 Rb2+ 38. Kd1 Rb1+ 39. Nc1 Rfb6 40. Bg6 Ra1 41. Rc2 Rxg6 42. Kd2 c3+ 43. Kd3 Rb6 44. f4 gxf4 45. gxf4 Rb2 46. fxe5 Bxe5 47. Re1 Bg7 48. Re8+ Kh7 49. Re7 Kg8 50. Re8+ Kf7 51. Rc8 Rab1 52. Rc7+ Kg6 53. Rc6+ Kh7 54. Rc7 a2 55. Nxa2 Rxc2 56. Kxc2 Rb2+ 57. Kd3 Rxa2 58. Rc6 Rxg2 59. Rc7 h5 60. Rc4 Kg6 61. Ke3 Bf6 62. Kf3 Rb2 63. Ke3 h4 64. Rg4+ Kh5 65. Rf4 Bg5 66. Kd4 0-1

[Event "GER-chW Blitz 2019"]
[Site "Magdeburg"]
[Date "2019.05.25"]
[Round "9.6"]
[White "Lubbe, Melanie"]
[Black "Osmanodja, Filiz"]
[Result "1-0"]
[ECO "A45"]
[WhiteElo "2278"]
[BlackElo "2260"]
[Annotator "NA"]
[PlyCount "73"]
[EventDate "2019.05.25"]
[EventType "tourn"]
[EventCountry "GER"]
[SourceTitle "playchess.com"]
[Source "ChessBase"]
[SourceQuality "1"]
[TimeControl "180+2"]

1. d4 Nf6 2. Nc3 d5 3. Bf4 e6 4. Nb5 Na6 5. e3 c6 6. Nc3 Bb4 7. a3 Bxc3+ 8. bxc3 Nc7 9. c4 dxc4 10. Bxc4 Ncd5 11. Bg3 Ne4 12. Nf3 Qa5+ 13. Kf1 Ndc3 14. Qd3 b5 15. Bb3 Ba6 16. Ne5 b4 17. Bc4 Bxc4 18. Nxc4 Qb5 19. Ne5 Nd2+ 20. Ke1 Qxd3 21. Nxd3 Nde4 22. Nxb4 Nxg3 23. hxg3 Kd7 24. Kd2 Ne4+ 25. Ke2 h6 26. Nd3 Kd6 27. c4 f6 28. Rhb1 Rhb8 29. Rb2 Rxb2+ 30. Nxb2 Nc3+ 31. Kd3 Rb8 32. Kxc3 c5 33. Nd3 cxd4+ 34. exd4 g5 35. c5+ Kc7 36. Nb4 a5 37. Na6+ 1-0

[Event "GER-chW Blitz 2019"]
[Site "Magdeburg"]
[Date "2019.05.25"]
[Round "9.7"]
[White "Ries, Jutta"]
[Black "Sieber, Fiona"]
[Result "0-1"]
[ECO "A02"]
[WhiteElo "2017"]
[BlackElo "2250"]
[Annotator "NA"]
[PlyCount "96"]
[EventDate "2019.05.25"]
[EventType "tourn"]
[EventCountry "GER"]
[SourceTitle "playchess.com"]
[Source "ChessBase"]
[SourceQuality "1"]
[TimeControl "180+2"]

1. f4 Nf6 2. Nf3 c5 3. b3 g6 4. Bb2 Bg7 5. e3 Nc6 6. Bb5 O-O 7. O-O d5 8. Bxc6 bxc6 9. Qe2 a5 10. d3 a4 11. Nbd2 a3 12. Be5 Nd7 13. Bxg7 Kxg7 14. e4 Nf6 15. Rae1 Ra7 16. Kh1 Re8 17. Ne5 Qc7 18. Qf2 Ra5 19. h3 Nd7 20. Ndf3 f6 21. Ng4 Qxf4 22. e5 f5 23. Ngh2 Nf8 24. g3 Qb4 25. Qe3 f4 26. gxf4 Bxh3 27. Rg1 Ne6 28. Ng5 Nxg5 29. Rxg5 Bf5 30. Ng4 Rf8 31. Nf2 Qd4 32. Qxd4 cxd4 33. Reg1 Rc5 34. Rc1 Be6 35. Kg2 Rxf4 36. Nh3 Bxh3+ 37. Kxh3 Rf2 38. Rg2 Rf3+ 39. Kh2 Rxd3 40. Rf1 Re3 41. Rgf2 Rxe5 42. Rf7+ Kh6 43. R1f2 Rc3 44. Kg2 Rf5 45. R7xf5 gxf5 46. Kf1 e6 47. Ke1 Re3+ 48. Kd2 Kg5 0-1

[Event "GER-chW Blitz 2019"]
[Site "Magdeburg"]
[Date "2019.05.25"]
[Round "9.8"]
[White "Kushka, Alena"]
[Black "Daemering, Katrin"]
[Result "0-1"]
[ECO "A44"]
[WhiteElo "2148"]
[BlackElo "2003"]
[Annotator "NA"]
[PlyCount "112"]
[EventDate "2019.05.25"]
[EventType "tourn"]
[EventCountry "GER"]
[SourceTitle "playchess.com"]
[Source "ChessBase"]
[SourceQuality "1"]
[TimeControl "180+2"]

1. d4 c5 2. d5 e5 3. Nc3 d6 4. e4 a6 5. a4 g6 6. Be2 Bg7 7. Nf3 Ne7 8. O-O O-O 9. Ne1 h6 10. f4 f5 11. fxe5 dxe5 12. b3 fxe4 13. d6 Nf5 14. Bc4+ Kh7 15. Nxe4 b6 16. Nf3 Bb7 17. Bd5 Bxd5 18. Qxd5 Nd7 19. Nfg5+ hxg5 20. Nxg5+ Kh8 21. Nf7+ Rxf7 22. Qxf7 Qe8 23. Qd5 Nf6 24. Qd1 Rd8 25. Qe2 Rxd6 26. Bg5 e4 27. Rf4 Qf7 28. Bxf6 Qxf6 29. Raf1 Kg8 30. Rxe4 Rd8 31. g4 Nd4 32. Re8+ Kh7 33. Rxf6 Nxe2+ 34. Rxe2 Bxf6 35. Kf2 Bd4+ 36. Kf3 Rf8+ 37. Kg3 Rf7 38. Re6 Rb7 39. Rc6 Kg7 40. Kf4 Kf7 41. Kg5 Be3+ 42. Kh4 b5 43. axb5 axb5 44. Kg3 Bd4 45. h4 Re7 46. Kf4 Be3+ 47. Kf3 Bd4 48. g5 b4 49. Rc8 Rd7 50. Ke4 Bf2 51. Rh8 Rd4+ 52. Ke5 Rxh4 53. Rc8 Bd4+ 54. Kd5 Rg4 55. Rc7+ Ke8 56. Ke6 Re4+ 0-1

[Event "GER-chW Blitz 2019"]
[Site "Magdeburg"]
[Date "2019.05.25"]
[Round "9.9"]
[White "Schulze, Lara"]
[Black "Kreismann, Franziska"]
[Result "1-0"]
[ECO "B12"]
[WhiteElo "2160"]
[BlackElo "1589"]
[Annotator "NA"]
[PlyCount "66"]
[EventDate "2019.05.25"]
[EventType "tourn"]
[EventCountry "GER"]
[SourceTitle "playchess.com"]
[Source "ChessBase"]
[SourceQuality "1"]
[TimeControl "180+2"]

1. e4 c6 2. d4 d5 3. e5 Bf5 4. Nd2 e6 5. Nb3 Nd7 6. Nf3 Bb4+ 7. c3 Ba5 8. Be2 Bc7 9. O-O Ne7 10. Ne1 Ng6 11. g4 Bxg4 12. Bxg4 Qh4 13. Ng2 Qe7 14. f4 O-O-O 15. a4 a6 16. Nd2 c5 17. Nf3 h6 18. Be3 c4 19. b3 Nb6 20. a5 Nd7 21. bxc4 dxc4 22. Nd2 h5 23. Bf3 Nh4 24. Nxh4 Qxh4 25. Qe1 Qe7 26. Rb1 Nb8 27. Bxb7+ Kd7 28. Nxc4 g5 29. fxg5 Rhg8 30. h4 Nc6 31. Bxc6+ Kxc6 32. Qf2 Rd5 33. Qxf7 Qd7 1-0

[Event "GER-chW Blitz 2019"]
[Site "Magdeburg"]
[Date "2019.05.25"]
[Round "9.10"]
[White "Braje, Monika"]
[Black "Kunze, Kerstin"]
[Result "0-1"]
[ECO "C45"]
[WhiteElo "1781"]
[BlackElo "2066"]
[Annotator "NA"]
[PlyCount "42"]
[EventDate "2019.05.25"]
[EventType "tourn"]
[EventCountry "GER"]
[SourceTitle "playchess.com"]
[Source "ChessBase"]
[SourceQuality "1"]
[TimeControl "180+2"]

1. e4 e5 2. Nf3 Nc6 3. d4 exd4 4. Nxd4 Bc5 5. Be3 Bb6 6. c3 d6 7. Bd3 Nf6 8. O-O O-O 9. Kh1 Ng4 10. Nd2 Nxe3 11. fxe3 Qg5 12. Nc4 Ne5 13. Nxb6 axb6 14. Nf3 Qxe3 15. Nxe5 dxe5 16. Rf3 Qc5 17. Rg3 g6 18. Qf3 Be6 19. Rf1 Bxa2 20. Bc2 Bc4 21. Rf2 Ra1+ 0-1

[Event "GER-chW Blitz 2019"]
[Site "Magdeburg"]
[Date "2019.05.25"]
[Round "9.11"]
[White "Mader, Lena"]
[Black "Gheng, Simona"]
[Result "0-1"]
[ECO "A18"]
[WhiteElo "1839"]
[BlackElo "1991"]
[Annotator "NA"]
[PlyCount "74"]
[EventDate "2019.05.25"]
[EventType "tourn"]
[EventCountry "GER"]
[SourceTitle "playchess.com"]
[Source "ChessBase"]
[SourceQuality "1"]
[TimeControl "180+2"]

1. c4 e6 2. Nc3 Nf6 3. e4 d5 4. e5 Ng8 5. d4 c6 6. Nf3 Bb4 7. cxd5 cxd5 8. Qa4+ Nc6 9. Bb5 Bxc3+ 10. bxc3 Nge7 11. O-O O-O 12. Ba3 Bd7 13. Qc2 Re8 14. Ng5 Ng6 15. Nf3 Rc8 16. Qd2 Qa5 17. Bd6 Qxb5 18. Rab1 Qa6 19. h4 h5 20. Qg5 Nce7 21. Qxh5 Nf4 22. Qg5 Ne2+ 23. Kh1 Nxc3 24. Bxe7 Rxe7 25. Qxe7 Nxb1 26. Rxb1 Qc6 27. Ng5 Rf8 28. h5 Qc2 29. Rf1 Qe2 30. Kg1 Bb5 31. Rb1 a6 32. Nxe6 fxe6 33. Qxe6+ Kh8 34. Rf1 Qxf1+ 35. Kh2 Qxf2 36. Qg4 Qf4+ 37. Qxf4 Rxf4 0-1

[Event "GER-chW Blitz 2019"]
[Site "Magdeburg"]
[Date "2019.05.25"]
[Round "9.12"]
[White "Zimmer, Elke"]
[Black "Kopylov, Luba"]
[Result "0-1"]
[ECO "B23"]
[WhiteElo "1926"]
[BlackElo "2078"]
[Annotator "NA"]
[PlyCount "52"]
[EventDate "2019.05.25"]
[EventType "tourn"]
[EventCountry "GER"]
[SourceTitle "playchess.com"]
[Source "ChessBase"]
[SourceQuality "1"]
[TimeControl "180+2"]

1. e4 c5 2. Nc3 d6 3. g3 g6 4. Bg2 Bg7 5. d3 e6 6. Be3 Ne7 7. Qd2 Nbc6 8. Bh6 O-O 9. Bxg7 Kxg7 10. Nge2 Rb8 11. O-O b5 12. f4 b4 13. Nd1 Qb6 14. Qe3 f5 15. Nf2 d5 16. e5 d4 17. Qd2 Na5 18. h3 c4 19. Rfe1 c3 20. bxc3 dxc3 21. Qc1 Bb7 22. d4 Bxg2 23. Kxg2 Qc6+ 24. Kg1 Qf3 25. Qd1 Nd5 26. Qd3 Ne3 0-1

[Event "GER-chW Blitz 2019"]
[Site "Magdeburg"]
[Date "2019.05.25"]
[Round "10.1"]
[White "Roesler, Hannah Clara Hed"]
[Black "Kopylov, Luba"]
[Result "1-0"]
[ECO "B22"]
[WhiteElo "1619"]
[BlackElo "2078"]
[Annotator "NA"]
[PlyCount "67"]
[EventDate "2019.05.25"]
[EventType "tourn"]
[EventCountry "GER"]
[SourceTitle "playchess.com"]
[Source "ChessBase"]
[SourceQuality "1"]
[TimeControl "180+2"]

1. e4 c5 2. c3 d5 3. exd5 Qxd5 4. d4 e6 5. Nf3 Nf6 6. Na3 a6 7. Nc4 Nbd7 8. Bd3 cxd4 9. cxd4 Bb4+ 10. Bd2 Bxd2+ 11. Qxd2 O-O 12. O-O b5 13. Ne3 Qh5 14. Bc2 Bb7 15. Bd1 Ng4 16. h3 Nxe3 17. fxe3 Qg6 18. Bc2 Qg3 19. Rac1 Nf6 20. Ne5 Rad8 21. Bd3 Ne4 22. Qe1 Nc5 23. Qxg3 Nxd3 24. Nxd3 Be4 25. Ne5 Bg6 26. Nxg6 hxg6 27. Rc7 Rd5 28. Rfc1 Rfd8 29. Rc8 Kh7 30. Rxd8 Rxd8 31. Qh4+ Kg8 32. Qxd8+ Kh7 33. Qh4+ Kg8 34. Rc8# 1-0

[Event "GER-chW Blitz 2019"]
[Site "Magdeburg"]
[Date "2019.05.25"]
[Round "10.2"]
[White "Gheng, Simona"]
[Black "Zimmer, Elke"]
[Result "1-0"]
[ECO "C65"]
[WhiteElo "1991"]
[BlackElo "1926"]
[Annotator "NA"]
[PlyCount "73"]
[EventDate "2019.05.25"]
[EventType "tourn"]
[EventCountry "GER"]
[SourceTitle "playchess.com"]
[Source "ChessBase"]
[SourceQuality "1"]
[TimeControl "180+2"]

1. e4 e5 2. Nf3 Nc6 3. Bb5 Nf6 4. d3 d6 5. c3 Bd7 6. O-O a6 7. Ba4 Be7 8. Nbd2 O-O 9. Re1 Bg4 10. Nf1 b5 11. Bc2 b4 12. Ng3 Qd7 13. h3 Be6 14. d4 exd4 15. cxd4 Bc4 16. Nf5 Rfe8 17. Nxe7+ Nxe7 18. b3 Bb5 19. Bb2 d5 20. e5 Ne4 21. Bxe4 dxe4 22. Rxe4 Bc6 23. Re1 Ng6 24. Qd3 Bb5 25. Qe4 Bc6 26. Qc2 Rac8 27. Rac1 Bd5 28. Qc5 Bxf3 29. gxf3 Qxh3 30. Re4 Nh4 31. Rxh4 Qxh4 32. Qxb4 Qh3 33. d5 Qf5 34. Qe4 Qg5+ 35. Qg4 Qh6 36. Rc6 Rcd8 37. Rxh6 1-0